 Dungeon Crawl Stone Soup version 0.21.1-1-g345015f (webtiles) character file.

4136 prawnwizard the Fighter (level 10, -6/95 (96) HPs)
             Began as a Minotaur Berserker on June 28, 2018.
             Was an Elder of Trog.
             Mangled by grumblor's ghost (18 damage)
             ... on level 8 of the Dungeon.
             The game lasted 00:19:17 (6854 turns).

prawnwizard the Fighter (Minotaur Berserker)        Turns: 6854, Time: 00:19:18

HP:   -6/95 (96)    AC: 13    Str: 24    XL:     10   Next: 6%
MP:   0/3           EV: 11    Int:  4    God:    Trog [****..]
Gold: 289           SH:  3    Dex: 11    Spells: 9/9 levels left

rFire    . . .     SeeInvis +   A - +1 spear (antimagic)
rCold    . . .     Gourm    .   (no shield)
rNeg     + . .     Faith    .   v - +4 ring mail {MR+}
rPois    .         Spirit   +   (helmet restricted)
rElec    .         Reflect  +   w - scarf {Spirit}
rCorr    .         Harm     .   (no gloves)
MR       +....                  B - +0 pair of boots (curse)
Stlth    +.........             j - +3 amulet of reflection
HPRegen  0.25/turn              t - ring of positive energy
MPRegen  0.08/turn              s - ring of see invisible

@: berserk cooldown, slowed, very slow
A: retaliatory headbutt, horns 2
a: Berserk, Trog's Hand, Brothers in Arms, Burn Spellbooks, Renounce Religion


You were on level 8 of the Dungeon.
You worshipped Trog.
Trog was greatly pleased with you.
You were very hungry.

You visited 1 branch of the dungeon, and saw 8 of its levels.

You collected 289 gold pieces.

Inventory:

Hand Weapons
 A - a +1 antimagic spear (weapon)
 F - a +1 spear
Armour
 b - a +0 animal skin
 d - a +0 cloak
 v - a +4 ring mail of magic resistance (worn)
 w - a scarf of spirit shield (worn)
 B - a cursed +0 pair of boots (worn)
 E - a +0 plate armour
Jewellery
 j - a +3 amulet of reflection (around neck)
 n - an uncursed ring of magical power
 s - a ring of see invisible (right hand)
 t - a ring of positive energy (left hand)
 D - an uncursed amulet of rage {unknown}
Wands
 p - a wand of random effects (30)
 u - a wand of disintegration (8)
Scrolls
 e - 4 scrolls of identify
 f - 3 scrolls of teleportation
 o - a scroll of summoning {unknown}
 x - 2 scrolls of amnesia
 z - a scroll of blinking {unknown}
 C - 5 scrolls of remove curse
 H - a scroll of enchant armour
Potions
 a - 3 potions of brilliance {unknown}
 g - 2 potions of haste {unknown}
 h - a potion of mutation {unknown}
 i - a potion of magic {unknown}
 k - 5 potions of curing
 l - a potion of resistance {unknown}
 m - 3 potions of heal wounds {unknown}
 q - 3 potions of agility {unknown}
 r - 3 potions of cancellation {unknown}
Comestibles
 c - 9 rations
 G - 8 chunks of flesh


   Skills:
 + Level 11.3 Fighting
   Level 8.9 Axes
 + Level 11.0 Armour
 - Level 2.2 Dodging


You had 9 spell levels left.
You didn't know any spells.

Dungeon Overview and Level Annotations

Branches:
Dungeon (8/15)             Temple (0/1) D:4
   Lair: D:8-11

Altars:
Fedhas
Hepliaklqana
Okawaru
Qazlal
Trog

Shops:
D:8 (

Annotations:
D:8 grumblor's ghost, novice DgFi


Innate Abilities, Weirdness & Mutations

You reflexively headbutt those who attack you in melee.
You have a pair of horns on your head.


Message History

Grumblor's ghost hits you. The two-headed ogre closely misses you.
The two-headed ogre hits you with a giant club!
Grumblor's ghost hits you.
You are electrocuted!
* * * LOW HITPOINT WARNING * * *
The two-headed ogre closely misses you. You furiously retaliate!
You headbutt the two-headed ogre. The two-headed ogre barely misses you.
Grumblor's ghost wails, "What do you have that I didn't have?"
Grumblor's ghost hits you.
* * * LOW HITPOINT WARNING * * *
The two-headed ogre hits you with a dire flail!
* * * LOW HITPOINT WARNING * * *
The two-headed ogre closely misses you. Grumblor's ghost barely misses you.
You furiously retaliate!
You headbutt grumblor's ghost, but do no damage.
The two-headed ogre closely misses you. You furiously retaliate!
You headbutt the two-headed ogre. The two-headed ogre barely misses you.
Grumblor's ghost hits you.
* * * LOW HITPOINT WARNING * * *
You are electrocuted!
You die...

#...............##.#
#..............(.#
#∩..........([.<.#
#................#
###########'#....#
#.####.# #......#
#####..####.##
#.@.......
#O#W......
#..†......
#>........
..........
..........
........### ...
...$#


You could see a two-headed ogre and grumblor's ghost.

Vanquished Creatures
  Pikel (D:7)
  Joseph (D:7)
  The ghost of grumblor the Chopper, a novice DgFi (D:5)
  The ghost of Eggbaby the Changer, an amateur OpTm of Kikubaaqudgha (D:3)
  Sigmund (D:2)
  Grum (D:8)
  A steam dragon (D:7)
  2 orc warriors (D:7)
  An ice beast (D:6)
  A black bear (D:6)
  2 phantoms
  A necrophage (D:6)
  3 wolves (D:8)
  An ogre (D:7)
  3 eyes of draining (D:4)
  2 centaurs
  Blork the orc (D:4)
  A howler monkey (D:6)
  2 crimson imps
  A bullfrog zombie (D:5)
  A centaur skeleton (D:4)
  2 hounds
  A jelly (D:6)
  4 orc priests
  A bullfrog skeleton (D:6)
  Ijyb (D:4)
  5 worker ants
  Natasha (thrice) (D:2)
  An iguana (D:7)
  2 orc wizards
  A hound skeleton (D:4)
  A worker ant zombie (D:6)
  4 gnolls (D:4)
  5 adders
  A howler monkey skeleton (D:6)
  2 shadow imps
  2 oozes
  An adder skeleton (D:3)
  An adder zombie (D:7)
  4 worms
  A dart slug (D:3)
  6 leopard geckos
  17 orcs
  A ball python (D:2)
  6 giant cockroaches
  12 goblins
  11 hobgoblins
  10 jackals
  12 kobolds
  4 quokkas
  9 bats
  3 frilled lizards
  A giant cockroach zombie (D:6)
  4 rats
168 creatures vanquished.

Vanquished Creatures (others)
  A fungus (D:7)
1 creature vanquished.

Grand Total: 169 creatures vanquished

Notes
Turn   | Place    | Note
-------+----------+-------------------------------------------
     0 | D:1      | prawnwizard the Minotaur Berserker began the quest for the Orb.
     0 | D:1      | Reached XP level 1. HP: 19/19 MP: 0/0
   123 | D:1      | Reached XP level 2. HP: 27/27 MP: 1/1
   596 | D:2      | Reached XP level 3. HP: 27/33 MP: 2/2
   632 | D:2      | Reached ** piety under Trog
   663 | D:2      | Noticed Natasha
   666 | D:2      | Killed Natasha
   780 | D:2      | Reached XP level 4. HP: 25/41 MP: 3/3
   805 | D:2      | Noticed Sigmund
   811 | D:2      | Killed Sigmund
   811 | D:2      | Reached skill level 5 in Fighting
   811 | D:2      | Reached XP level 5. HP: 48/48 MP: 4/4
   939 | D:2      | Noticed Natasha
   944 | D:2      | Killed Natasha
   954 | D:2      | Noticed Natasha
   962 | D:2      | Killed Natasha
   962 | D:2      | Reached XP level 6. HP: 37/56 MP: 5/5
  1467 | D:3      | Found a stormy altar of Qazlal.
  1616 | D:3      | Reached *** piety under Trog
  1631 | D:3      | Noticed Eggbaby's ghost (amateur OpTm)
  1641 | D:3      | Killed Eggbaby's ghost
  1641 | D:3      | Reached XP level 7. HP: 62/62 MP: 6/6
  2029 | D:4      | Noticed Ijyb
  2039 | D:4      | Killed Ijyb
  2042 | D:4      | Reached skill level 5 in Armour
  2178 | D:4      | Received a gift from Trog
  2304 | D:4      | Found a staircase to the Ecumenical Temple.
  2731 | D:4      | Noticed Blork the orc
  2737 | D:4      | Killed Blork the orc
  3031 | D:4      | Found a bloodstained altar of Trog.
  3042 | D:4      | Reached XP level 8. HP: 71/71 MP: 0/7
  3635 | D:5      | Entered Level 5 of the Dungeon
  4040 | D:5      | Found an iron altar of Okawaru.
  4264 | D:5      | Found a blossoming altar of Fedhas.
  4281 | D:5      | Noticed grumblor's ghost (novice DgFi)
  4296 | D:5      | Killed grumblor's ghost
  5087 | D:6      | Reached **** piety under Trog
  5100 | D:6      | Reached XP level 9. HP: 77/81 MP: 2/8
  5177 | D:6      | Received a gift from Trog
  5387 | D:7      | Found a hazy altar of Hepliaklqana.
  5531 | D:7      | Noticed Joseph
  5547 | D:7      | Killed Joseph
  5547 | D:7      | Reached skill level 10 in Fighting
  5869 | D:7      | Noticed Pikel
  5888 | D:7      | Killed Pikel
  5888 | D:7      | Reached skill level 10 in Armour
  6735 | D:8      | Noticed Grum
  6747 | D:8      | Reached XP level 10. HP: 67/95 MP: 3/9
  6753 | D:8      | Killed Grum
  6809 | D:8      | Found Ribohas's Weapon Boutique.
  6847 | D:8      | Noticed grumblor's ghost (novice DgFi)
  6848 | D:8      | Noticed a two-headed ogre
  6854 | D:8      | Mangled by grumblor's ghost

Skill      XL: |  1  2  3  4  5  6  7  8  9 10 |
---------------+-------------------------------+-----
Axes           | 4 6 7 8 |  8.9
Fighting       | 4 5 6 8 11 | 11.3
Armour         | 3 4 6 8 10 11 | 11.0
Dodging        | |  2.2

Action                   |  1- 3 |  4- 6 |  7- 9 | 10-12 || total
-------------------------+-------+-------+-------+-------++-------
Melee: Hand axe          |    70 |    94 |    47 |       ||   211
       Headbutt          |    10 |    20 |    69 |       ||    99
       Dire flail        |       |       |    30 |       ||    30
       Spear             |       |       |   276 |     6 ||   282
Invok: Berserk           |       |     2 |     8 |     1 ||    11
       Trog's Hand       |       |     1 |       |       ||     1
       Burn Spellbooks   |       |       |     1 |       ||     1
  Use: Scroll            |       |       |     8 |       ||     8
 Stab: Sleeping          |       |       |     1 |       ||     1
  Eat: Chunk             |       |     4 |    15 |       ||    19
       Ration            |       |       |     3 |       ||     3
Armor: Animal skin       |    14 |    18 |     7 |       ||    39
       Ring mail         |       |       |    89 |     1 ||    90
Dodge: Dodged            |    43 |    60 |   156 |     9 ||   268
Block: Other             |       |       |    30 |     1 ||    31
       Reflection        |       |       |     2 |       ||     2
